[Event "Betsys MČR v online bleskovém šachu 2021"]
[Site "Chess.com"]
[Date "2021.04.17"]
[Round "8"]
[White "DONSANMIGUEL"]
[Black "povrlak60"]
[Result "1/2-1/2"]
[WhiteElo "1810"]
[BlackElo "1621"]
[TimeControl "180+1"]
[EndTime "10:21:19 PDT"]
[Termination "Remíza opakováním pozice"]

1. Nf3 Nf6 2. a4 g6 3. d3 Bg7 4. Nbd2 O-O 5. e3 d5 6. Be2 c5 7. Nf1 Nc6 8. Ng3 Bg4 9. h3 Bxf3 10. gxf3 e5 11. e4 Qa5+ 12. Bd2 Qb6 13. Bc3 d4 14. a5 Qb5 15. Bd2 Rab8 16. b3 Nb4 17. h4 h5 18. O-O b6 19. axb6 axb6 20. Kg2 Ra8 21. Bxb4 Qxb4 22. Qc1 Qc3 23. Rxa8 Rxa8 24. Bd1 Ra1 25. Qg5 Kh7 26. f4 exf4 27. Qxf4 Ra7 28. e5 Nd5 29. Qg5 Bh6 30. Qd8 Nf4+ 31. Kh2 Qd2 32. Qxb6 Ra1 33. Ne4 Qa5 34. Nf6+ Kg7 35.
Qb8 Qa8 36. Ne8+ Kh7 37. Nf6+ Kg7 38. Ne8+ Kh7 39. Nf6+ Kg7 1/2-1/2

[Event "Betsys MČR v online bleskovém šachu 2021"]
[Site "Chess.com"]
[Date "2021.04.17"]
[Round "8"]
[White "masodj"]
[Black "alenka777"]
[Result "1-0"]
[WhiteElo "1728"]
[BlackElo "1287"]
[TimeControl "180+1"]
[EndTime "10:21:19 PDT"]
[Termination "Uživatel masodj zvítězil matem"]

1. e4 e5 2. Nf3 Nc6 3. Bc4 Nf6 4. d3 Na5 5. Bb3 Nxb3 6. axb3 Bc5 7. O-O d6 8. Be3 Bg4 9. Bxc5 dxc5 10. Nbd2 O-O 11.
h3 Bh5 12. Qe2 b5 13. Qe3 c4 14. bxc4 bxc4 15. Nxc4 a6 16. Ncxe5 Qd6 17. Nc4 Qb4 18. b3 Qc3 19. Qd2 Qxd2 20. Ncxd2 Bg6 21. Ne5 h6 22. Nxg6 fxg6 23. f4 g5 24. f5 Nh5 25. Kh2 Nf4 26. g3 Ne2 27. Rf2 Nd4 28. c3 Nb5 29. Rc1 Rf6 30. e5 Rc6 31. c4 Nd4 32. Nf3 Nxb3 33. Re1 Nc5 34. d4 Nd3 35. Rfe2 Nxe1 36. Rxe1 Rxc4 37.
e6 Rc2+ 38. Kh1 Kf8 39. Ne5 Rb8 40. Nd7+ Ke7 41. Nxb8 Rb2 42. Nxa6 h5 43. Nc5 g4 44. hxg4 hxg4 45. Re4 c6 46. Rxg4 Rb1+ 47. Kg2 Rb2+ 48. Kf3 Rd2 49. Rxg7+ Kd6 50. Ne4+ Kd5 51. Nxd2 Kxd4 52.
e7 c5 53. Nb3+ Kc4 54. Nxc5 Kxc5 55. e8=Q Kc4 56. Rd7 Kc5 57. Qc8+ Kb6 58. Rb7+ Ka6 59. Qa8# 1-0

[Event "Betsys MČR v online bleskovém šachu 2021"]
[Site "Chess.com"]
[Date "2021.04.17"]
[Round "8"]
[White "TommyLud"]
[Black "tudlenudle"]
[Result "0-1"]
[WhiteElo "2155"]
[BlackElo "1954"]
[TimeControl "180+1"]
[EndTime "10:21:20 PDT"]
[Termination "Uživatel tudlenudle zvítězil na čas"]

1. d4 d5 2. c4 e6 3. Nc3 Nf6 4. Nf3 dxc4 5. e4 Bb4 6. Bg5 c5 7.
Bxc4 cxd4 8. Nxd4 Bxc3+ 9. bxc3 Qa5 10. Bxf6 Qxc3+ 11. Kf1 gxf6 12. Rc1 Qb4 13. Qh5 Ke7 14. e5 fxe5 15. Qxe5 Rd8 16. Nf5+ Ke8 17. Bb5+ Bd7 18. Nd6+ Ke7 19. Nf5+ Ke8 20. Bxd7+ Nxd7 21. Qh8+ Nf8 22. Qe5 Qd2 23. Re1 Qd3+ 24. Kg1 Rd5 25. Ng7+ Ke7 26.
Qf4 Ng6 27. Qg4 Kf8 28. h4 Kxg7 29. h5 Qd2 30. Rf1 Qf4 0-1

[Event "Betsys MČR v online bleskovém šachu 2021"]
[Site "Chess.com"]
[Date "2021.04.17"]
[Round "8"]
[White "Dasty78"]
[Black "youhy"]
[Result "1-0"]
[WhiteElo "2019"]
[BlackElo "1779"]
[TimeControl "180+1"]
[EndTime "10:21:21 PDT"]
[Termination "Uživatel Dasty78 zvítězil na čas"]

1. e4 c5 2. Nf3 e6 3. d4 cxd4 4. Nxd4 Nf6 5. Nc3 Nc6 6. g3 Bb4 7. Nxc6 bxc6 8. e5 Ne4 9. Bd2 Nxc3 10. bxc3 Bc5 11. Bg2 Qc7 12. Bf4 g5 13. Be3 Bxe3 14. fxe3 Qxe5 15. O-O Qxe3+ 16. Kh1 d5 17. Qh5 O-O 18. Rf3 Qe5 19. Raf1 f6 20. h4 Ba6 21. R1f2 gxh4 22. Qxh4 Qg5 23. Qa4 Bc4 24. Bh3 Rae8 25. Qxc6 Qc1+ 26. Kg2 Qe1 27. Rxf6 Qe4+ 28. Kh2 Rxf6 29.
Qxe8+ Kg7 30. Qe7+ Kh6 31. Rxf6+ Kh5 32. Qf7+ Kg5 33.
Qg7+ 1-0

[Event "Betsys MČR v online bleskovém šachu 2021"]
[Site "Chess.com"]
[Date "2021.04.17"]
[Round "8"]
[White "karimaster100"]
[Black "machonza"]
[Result "1-0"]
[WhiteElo "2246"]
[BlackElo "1989"]
[TimeControl "180+1"]
[EndTime "10:21:23 PDT"]
[Termination "Uživatel karimaster100 zvítězil na čas"]

1. Nf3 c5 2. c4 b6 3. g3 Bb7 4.
Bg2 Nf6 5. O-O e6 6. Nc3 Be7 7. d4 cxd4 8. Qxd4 a6 9. Bf4 Nc6 10. Qd2 d6 11. Rfd1 e5 12. Bg5 Qc7 13. Bxf6 Bxf6 14. Nd5 Qd8 15. Nxf6+ Qxf6 16. Qxd6 Qxd6 17. Rxd6 Rb8 18. Rad1 O-O 19. b3 f6 20. e3 Rfe8 21. Nh4 Ne7 22. Rxb6 Bxg2 23. Rxb8 Rxb8 24. Nxg2 a5 25.
Rd7 Kf7 26. e4 a4 27. Ne3 Ke6 28. Ra7 axb3 29. axb3 Rxb3 30. Nd5 Rb1+ 31. Kg2 Nc6 32. Rxg7 Rc1 33. Rxh7 Rxc4 34. Rh6 Rxe4 35. Nxf6 Re2 36.
Ne4+ Kd7 37. Nc5+ Kc7 38. h4 e4 39. Re6 Kb6 40. Rxe4 Rc2 41. Nd3 Kc7 42. h5 Kd6 43. h6 Ra2 44. Re8 Ra7 45. g4 Rh7 46. g5 Ne7 47. f4 Ng6 48. Kg3 1-0

[Event "Betsys MČR v online bleskovém šachu 2021"]
[Site "Chess.com"]
[Date "2021.04.17"]
[Round "8"]
[White "pepca"]
[Black "polik1112"]
[Result "1-0"]
[WhiteElo "1530"]
[BlackElo "1328"]
[TimeControl "180+1"]
[EndTime "10:21:26 PDT"]
[Termination "Uživatel pepca zvítězil na čas"]

1. e4 e6 2. d4 d5 3. Nc3 Bb4 4. exd5 exd5 5. Nf3 Nf6 6. Bg5 O-O 7. Be2 c6 8. O-O Bg4 9. Ne5 Bxe2 10. Nxe2 h6 11. Bh4 Be7 12. c4 dxc4 13. Nxc4 Nbd7 14. Ne3 Qc7 15. Nf5 Bd8 16. Bg3 Qc8 17. Nd6 Qc7 18. Nxf7 Qb6 19. Nd6 Bc7 20. Nc4 Qa6 21. Qb3 Bxg3 22.
fxg3 Rfe8 23. Nd6+ Kh8 24. Nxe8 Rxe8 25. Nf4 Nb6 26.
Rae1 Rxe1 27. Rxe1 Nbd5 28. Ng6+ Kh7 29. Nf8+ Kg8 30.
Ne6 Qa5 31. Kf2 Ng4+ 32. Ke2 Nxh2 33. Nc5 Ng4 34. Nxb7 1-0

[Event "Betsys MČR v online bleskovém šachu 2021"]
[Site "Chess.com"]
[Date "2021.04.17"]
[Round "8"]
[White "Listro33"]
[Black "PremetFugas"]
[Result "0-1"]
[WhiteElo "1863"]
[BlackElo "2133"]
[TimeControl "180+1"]
[EndTime "10:21:27 PDT"]
[Termination "Uživatel PremetFugas zvítězil na čas"]

1. d4 Nf6 2. Bf4 d6 3. e3 g6 4. Nf3 Bg7 5. Be2 O-O 6. O-O Nbd7 7. h3 c6 8. Bh2 Qc7 9. c4 Re8 10. Nc3 e5 11. Rc1 Nf8 12. b4 a5 13. b5 c5 14.
dxe5 dxe5 15. Qb3 b6 16. Rfd1 Bb7 17. a4 h6 18. Nd5 Bxd5 19. cxd5 Rad8 20. Bc4 Re7 21.
d6 Rxd6 22. Bxe5 Rxd1+ 23. Rxd1 Rxe5 24. Bxf7+ Kh7 25. Nxe5 Qxe5 26. Rd8 Qe7 27. Rb8 Qc7 28. Ra8 Qb7 29. Rd8 Qe7 30. Rd1 N8d7 31. Be6 Ne5 32. Qd5 Nh5 0-1

[Event "Betsys MČR v online bleskovém šachu 2021"]
[Site "Chess.com"]
[Date "2021.04.17"]
[Round "8"]
[White "koky_3"]
[Black "Michaela1994"]
[Result "1-0"]
[WhiteElo "2052"]
[BlackElo "1640"]
[TimeControl "180+1"]
[EndTime "10:21:27 PDT"]
[Termination "Uživatel koky_3 zvítězil na čas"]

1. e4 e6 2. d4 d5 3. e5 c5 4.
Qg4 Nc6 5. Nf3 Qb6 6. a3 Nge7 7. Bd3 Ng6 8. Qg3 cxd4 9. O-O Be7 10. h4 O-O 11. h5 Nh8 12. Bh6 g6 13. Bxf8 Bxf8 14. hxg6 hxg6 15. b4 Bg7 16. Nbd2 Qc7 17.
Rfe1 Bd7 18. Nb3 Be8 19. Re2 Ne7 20. Nbxd4 Qc3 21. Rae1 Qxa3 22. Ng5 Bh6 23. Qh4 Bxg5 24. Qxg5 Qxb4 25. Nf3 Nf5 26. Bxf5 exf5 27. e6 Qg4 28.
Qf6 fxe6 29. Rxe6 Bf7 30. Re7 Rf8 31. Ne5 Qh5 32. Nxf7 Nxf7 33. Rxb7 Qh6 34. Rxa7 Ng5 35. Qd4 Ne4 36. Qxd5+ Kh8 37. Qe5+ Kg8 38. f3 Ng5 39.
Rea1 Nxf3+ 40. gxf3 Qg5+ 41. Kh2 Qh4+ 42. Kg2 Qg5+ 43. Qg3 1-0

[Event "Betsys MČR v online bleskovém šachu 2021"]
[Site "Chess.com"]
[Date "2021.04.17"]
[Round "8"]
[White "petr812"]
[Black "Cimrman"]
[Result "0-1"]
[WhiteElo "2133"]
[BlackElo "2335"]
[TimeControl "180+1"]
[EndTime "10:21:28 PDT"]
[Termination "Uživatel Cimrman zvítězil po vzdání soupeře"]

1. e4 c6 2. d4 d5 3. exd5 cxd5 4. c4 Nf6 5. Nc3 Nc6 6. Bg5 dxc4 7. Bxc4 h6 8. Bh4 Qxd4 9. Qxd4 Nxd4 10. O-O-O e5 11.
f4 Bg4 12. Nf3 Rc8 13. Bxf7+ Kxf7 14. Nxe5+ Kg8 15. Rxd4 Be6 16. a3 Bc5 17. Rd3 Bf5 18. Rd2 Be3 19. Kd1 Bxd2 20. Kxd2 Ne4+ 21. Nxe4 Bxe4 22.
Rg1 Kh7 23. Ke3 Bc6 24. Be1 Rhe8 25. Bc3 Rcd8 26. g3 Rd6 27. Re1 a6 28. Kf2 Bb5 29. Re3 g5 30. fxg5 hxg5 31. Ng4 Rxe3 32. Kxe3 Rd1 33. Nf6+ Kg6 34. Ne4 Rh1 35. h4 gxh4 36. gxh4 Rxh4 37. Nd6 Bc6 38. Nc4 Rxc4 39. Kd3 Rh4 40. Ke3 Kf5 0-1

[Event "Betsys MČR v online bleskovém šachu 2021"]
[Site "Chess.com"]
[Date "2021.04.17"]
[Round "8"]
[White "Joanna23W"]
[Black "pedroholly22"]
[Result "1-0"]
[WhiteElo "2679"]
[BlackElo "2391"]
[TimeControl "180+1"]
[EndTime "10:21:29 PDT"]
[Termination "Uživatel Joanna23W zvítězil na čas"]

1. e4 c5 2. Nf3 Nc6 3. d4 cxd4 4. Nxd4 Nf6 5. Nc3 e5 6. Ndb5 d6 7. Bg5 a6 8. Na3 b5 9. Bxf6 gxf6 10. Nd5 Bg7 11. Bd3 Ne7 12. Nxe7 Qxe7 13. O-O f5 14. c4 O-O 15. Qh5 bxc4 16. Nxc4 d5 17.
exd5 e4 18. Be2 Rb8 19. Rad1 Bd7 20. d6 Qf6 21. b3 Rb5 22. Ne3 Re5 23. Nc4 Rb5 24. f4 exf3 25. Qxf3 Kh8 26. Bd3 a5 27. Ne3 Rc5 28. Bxf5 Bc6 29. Qf2 Qg5 30. d7 Rd8 31. Bh3 Re5 32. Nc4 Re7 33. Qf5 Qxf5 34. Rxf5 Bxd7 35.
Rfd5 Rde8 36. Rxd7 Re1+ 37. Rxe1 Rxe1+ 38. Kf2 Re8 39. Nxa5 Ra8 40. b4 Bf8 41. a3 Re8 42. Rxf7 Bg7 43.
Nc6 Ra8 44. b5 Rxa3 45. b6 Ra2+ 46. Kg3 Ra3+ 47. Kh4 Ra4+ 48. g4 1-0

[Event "Betsys MČR v online bleskovém šachu 2021"]
[Site "Chess.com"]
[Date "2021.04.17"]
[Round "8"]
[White "Mikulas19"]
[Black "JustFilip05"]
[Result "1-0"]
[WhiteElo "1880"]
[BlackElo "2112"]
[TimeControl "180+1"]
[EndTime "10:21:29 PDT"]
[Termination "Uživatel Mikulas19 zvítězil na čas"]

1. e4 e5 2. d4 exd4 3. Qxd4 Nc6 4. Qe3 b6 5. Nc3 Bc5 6. Qg3 Qf6 7. Nd5 Qd4 8.
Nxc7+ Kf8 9. Nxa8 Qxe4+ 10. Be3 Qb4+ 11. c3 Qxb2 12. Bxc5+ bxc5 13. Qd6+ Nge7 14. Rd1 Qxc3+ 15. Qd2 Qe5+ 16. Be2 Bb7 17. Nf3 Qb8 18. Qxd7 Qxa8 19. O-O g6 20. Bc4 Kg7 21. Ng5 Rd8 22. Qh3 h6 23.
Nxf7 Nf5 24. Nxd8 Nxd8 25. Qc3+ Nd4 26. f3 Kh7 27. Rfe1 N8c6 28. Qd3 Qf8 29. Bd5 h5 30.
Qe4 Kh6 31. Rxd4 Nxd4 32. Bxb7 Qf6 33. Qe3+ Kh7 34. Qe7+ Qxe7 35. Rxe7+ Kh6 36. Rc7 1-0

[Event "Betsys MČR v online bleskovém šachu 2021"]
[Site "Chess.com"]
[Date "2021.04.17"]
[Round "8"]
[White "matycz07"]
[Black "vadoto"]
[Result "0-1"]
[WhiteElo "1010"]
[BlackElo "1357"]
[TimeControl "180+1"]
[EndTime "10:21:29 PDT"]
[Termination "Uživatel vadoto zvítězil matem"]

1. e4 e5 2. Nf3 Nc6 3. Nc3 Nf6 4. Bc4 Bc5 5. d3 d6 6. O-O Bg4 7. h3 Bh5 8. g4 Bg6 9. Ng5 Nd4 10. Be3 O-O 11. Bxd4 Bxd4 12. Nd5 Nxd5 13. Bxd5 Qxg5 14. c3 Bb6 15. Kg2 c6 16. Bb3 Kh8 17. f3 Be3 18. d4 Bf4 19. dxe5 Bxe5 20. Qe2 Qf4 21. Kf2 Qg3+ 22.
Ke3 Bf4+ 23. Kd3 Rfe8 24. Rg1 Qh4 25. Raf1 d5 26. Kd4 Qf6+ 27. Kc5 Qd6+ 28. Kd4 Be5+ 29.
Ke3 dxe4 30. f4 Qc5+ 31. Kd2 e3+ 32. Kc1 Bxc3 33. bxc3 Qxc3+ 34. Kd1 Rad8+ 35. Qd3 Rxd3+ 36. Ke2 Qd2+ 37. Kf3 Be4+ 38. Kg3 e2+ 39. Kh4 Bd5 40. Bxd5 Rxd5 41. Re1 Re3 42. a3 Qa2 43. Rg3 Rxg3 44. Kxg3 Rd1 45. Kh4 Rxe1 46. f5 Rh1 47. g5 e1=Q+ 48.
Kg4 Qg2+ 49. Kf4 Rf1# 0-1

[Event "Betsys MČR v online bleskovém šachu 2021"]
[Site "Chess.com"]
[Date "2021.04.17"]
[Round "8"]
[White "Akdub"]
[Black "Clockwork7orange"]
[Result "0-1"]
[WhiteElo "2102"]
[BlackElo "2320"]
[TimeControl "180+1"]
[EndTime "10:21:30 PDT"]
[Termination "Uživatel Clockwork7orange zvítězil na čas"]

1. e4 c5 2. c3 d5 3. exd5 Nf6 4. d4 cxd4 5. cxd4 Nxd5 6. Nc3 Nc6 7. Nf3 g6 8. Bc4 Nb6 9. Bb5 Bd7 10. O-O Bg7 11. Be3 O-O 12. Rc1 Bg4 13. Bxc6 bxc6 14. h3 Bxf3 15.
Qxf3 Nd5 16. Nxd5 cxd5 17. Rc5 e6 18. Rfc1 Qb6 19. b3 Qb4 20. Qf4 h6 21. h4 a5 22.
Rc7 a4 23. bxa4 Rxa4 24. Rc8 Rxa2 25. Rxf8+ Qxf8 26. h5 g5 27. Qc7 Qa8 28. Qd7 Ra1 29. Rxa1 Qxa1+ 30. Kh2 Qa8 31. Kg1 Qa1+ 32. Kh2 Bxd4 33.
Qe8+ Kg7 34. Bd2 Be5+ 35. g3 Qb2 36. Be1 d4 37. Qc6 d3 38. Qe4 Qd4 39. Qf3 d2 40. Bxd2 Qxd2 41. Qe4 Qxf2+ 0-1

[Event "Betsys MČR v online bleskovém šachu 2021"]
[Site "Chess.com"]
[Date "2021.04.17"]
[Round "8"]
[White "KatkaZ"]
[Black "jsebesta"]
[Result "1-0"]
[WhiteElo "1853"]
[BlackElo "1633"]
[TimeControl "180+1"]
[EndTime "10:21:30 PDT"]
[Termination "Uživatel KatkaZ zvítězil po vzdání soupeře"]

1. Nf3 Nf6 2. g3 g6 3. Bg2 Bg7 4. d3 d5 5. Nbd2 O-O 6. O-O c5 7. c3 Nc6 8. e4 dxe4 9. dxe4 Bg4 10.
h3 Bxf3 11. Qxf3 Ne5 12. Qe3 b6 13. f4 Nc6 14. e5 Nd5 15. Qf3 e6 16. Ne4 f6 17. exf6 Bxf6 18. Nxf6+ Qxf6 19. a3 Nce7 20. Qe2 Nf5 21. Kh2 Rad8 22. Bd2 Rfe8 23. Rad1 Nde7 24.
Rfe1 Nc8 25. Bc6 Re7 26. Bc1 Rxd1 27. Rxd1 Rc7 28. Bb5 Ncd6 29. Bd3 Ne7 30. Bc2 Ndf5 31. Bb3 Rc6 32. Qf3 Rd6 33. Rxd6 Nxd6 34. Qa8+ Kg7 35. Qxa7 Nf7 36. Qxb6 Qf5 37. Qxe6 Qxe6 38. Bxe6 Nc6 39.
Bd5 Na5 40. b4 cxb4 41. axb4 1-0

[Event "Betsys MČR v online bleskovém šachu 2021"]
[Site "Chess.com"]
[Date "2021.04.17"]
[Round "8"]
[White "WhiteLittleHorse"]
[Black "Berzeger"]
[Result "0-1"]
[WhiteElo "958"]
[BlackElo "1036"]
[TimeControl "180+1"]
[EndTime "10:21:30 PDT"]
[Termination "Uživatel Berzeger zvítězil na čas"]

1. e4 e5 2. Nf3 Nc6 3. Nc3 Bb4 4. a3 Ba5 5. b4 Bb6 6. Bb2 d6 7. h3 Nf6 8. Bb5 O-O 9. Nd5 Nxd5 10. exd5 Ne7 11. d4 Nxd5 12. dxe5 dxe5 13. Nxe5 c6 14. Bc4 Nf4 15. Qxd8 Bxd8 16. O-O Bf6 17. Rab1 Bf5 18. Bd3 Bxd3 19. Nxd3 Bxb2 20. Rxb2 Nxd3 21. cxd3 Rad8 22.
Rd2 Rd7 23. Rfd1 Re8 24. Kh2 h6 25. Kg3 Rde7 26. f4 Re2 27. Rxe2 Rxe2 28. Kf3 Ra2 29. d4 Rxa3+ 30. Kg4 Rb3 31. d5 cxd5 32. Rxd5 Rxb4 33. Rd8+ Kh7 34. Ra8 a6 35. Rd8 f6 36. Rd3 b5 37.
Rf3 a5 38. Kg3 a4 39. Kh2 Rb3 40. Rf1 a3 41. Ra1 b4 0-1

[Event "Betsys MČR v online bleskovém šachu 2021"]
[Site "Chess.com"]
[Date "2021.04.17"]
[Round "8"]
[White "Bolavey_Kotnik"]
[Black "kecalk"]
[Result "1-0"]
[WhiteElo "2355"]
[BlackElo "2142"]
[TimeControl "180+1"]
[EndTime "10:21:32 PDT"]
[Termination "Uživatel Bolavey_Kotnik zvítězil na čas"]

1. e4 g6 2. Nc3 Bg7 3. f4 c5 4.
Nf3 Nc6 5. Bb5 Nf6 6. O-O O-O 7. Bxc6 dxc6 8. d3 Nd7 9. Qe1 b5 10. a4 b4 11. Nd1 e5 12. f5 c4 13. Qxb4 cxd3 14.
cxd3 Re8 15. Nf2 Rb8 16. Qc4 Nb6 17. Qa2 gxf5 18. a5 fxe4 19. Ng5 Nd5 20. dxe4 h6 21. Nxf7 Kxf7 22. exd5 Ba6 23. d6+ Kg6 24. Qb1+ e4 25. Re1 Bd4 26. Be3 Qxd6 27. Nxe4 Qe5 28. Nf2+ Kg7 29. Bxh6+ Kxh6 30. Rxe5 Rxe5 31. Qc1+ Kg7 32. Qxc6 1-0

[Event "Betsys MČR v online bleskovém šachu 2021"]
[Site "Chess.com"]
[Date "2021.04.17"]
[Round "8"]
[White "prosinec"]
[Black "jsulc"]
[Result "1/2-1/2"]
[WhiteElo "1755"]
[BlackElo "2045"]
[TimeControl "180+1"]
[EndTime "10:21:32 PDT"]
[Termination "Remíza patem"]

1. Nf3 Nf6 2. d4 d5 3. e3 Bf5 4.
b3 e6 5. Bb2 Nc6 6. a3 h6 7.
Nbd2 Bd6 8. Be2 O-O 9. O-O Re8 10. c4 Ne4 11. Ne5 Ne7 12. f4 c6 13. Nxe4 Bxe4 14.
c5 Bc7 15. b4 f6 16. Nf3 Ng6 17. Bd3 f5 18. Ne5 Qf6 19. Bxe4 fxe4 20. Qh5 Nxe5 21.
fxe5 Qe7 22. Qg6 Rf8 23. Rae1 a5 24. Re2 axb4 25. axb4 Rxf1+ 26. Kxf1 Rf8+ 27. Rf2 Rxf2+ 28. Kxf2 Qf7+ 29. Qxf7+ Kxf7 30. g4 Kg6 31. Kg3 h5 32. h4 hxg4 33. Kxg4 Bd8 34. h5+ Kh6 35. Bc3 b6 36.
Be1 b5 37. Bg3 g5 38. hxg6 Kxg6 39. Bh4 Bxh4 40. Kxh4 Kf5 41. Kh5 1/2-1/2

[Event "Betsys MČR v online bleskovém šachu 2021"]
[Site "Chess.com"]
[Date "2021.04.17"]
[Round "8"]
[White "ReitteN"]
[Black "androidddd"]
[Result "1-0"]
[WhiteElo "1762"]
[BlackElo "1434"]
[TimeControl "180+1"]
[EndTime "10:21:33 PDT"]
[Termination "Uživatel ReitteN zvítězil na čas"]

1. c4 e5 2. Nc3 f5 3. g3 Nf6 4. Bg2 d6 5. d3 g6 6. e4 Bg7 7.
Nge2 O-O 8. O-O h6 9. Nd5 g5 10. Nec3 Nc6 11. Nxf6+ Qxf6 12. Nd5 Qd8 13. Rb1 f4 14. b4 Ne7 15. a4 Nxd5 16. cxd5 fxg3 17. fxg3 Bd7 18. Be3 Qe7 19. Qc2 c6 20. Qc4 a6 21.
Bb6 Rxf1+ 22. Rxf1 Kh7 23. a5 Rf8 24. Rxf8 Qxf8 25.
dxc6 Bxc6 26. Bh3 Qf3 27. Bf5+ Kh8 28. Bf2 Qd1+ 29. Kg2 Qd2 30. Qf7 Qc2 31. Qg6 Kg8 32. Be6+ Kh8 33. Bf5 Kg8 34. Qe6+ Kh8 35. Qc8+ 1-0

[Event "Betsys MČR v online bleskovém šachu 2021"]
[Site "Chess.com"]
[Date "2021.04.17"]
[Round "8"]
[White "JJ95"]
[Black "Smetanka674"]
[Result "1-0"]
[WhiteElo "2018"]
[BlackElo "1758"]
[TimeControl "180+1"]
[EndTime "10:21:35 PDT"]
[Termination "Uživatel JJ95 zvítězil matem"]

1. e4 e6 2. d4 d5 3. e5 c5 4. c3 Nc6 5. Nf3 Qb6 6. a3 Nh6 7. b4 cxd4 8. cxd4 Nf5 9. Bb2 a5 10. b5 a4 11. g4 Nh6 12. h3 Be7 13. Bd3 Nb8 14. Nc3 Nd7 15. O-O Qa5 16. Rc1 Nb6 17. Nd2 f6 18. f4 O-O 19. Qc2 f5 20. g5 Nf7 21. Na2 Bd7 22. Bc3 Qa7 23. Bb4 Bxb4 24. Nxb4 Rac8 25. Qb2 Nh8 26. Kg2 Ng6 27. Kg3 h6 28. h4 Qa5 29. h5 Ne7 30. gxh6 gxh6 31. Kf3 Kh7 32. Rg1 Bxb5 33. Rxc8 Rxc8 34. Nf1 Bxd3 35.
Nxd3 Rc7 36. Ne3 Nd7 37. Nb4 Nb6 38. Qg2 Ng8 39. Qxg8# 1-0

[Event "Betsys MČR v online bleskovém šachu 2021"]
[Site "Chess.com"]
[Date "2021.04.17"]
[Round "8"]
[White "Ondre2836"]
[Black "dnovotny"]
[Result "0-1"]
[WhiteElo "1240"]
[BlackElo "1719"]
[TimeControl "180+1"]
[EndTime "10:21:35 PDT"]
[Termination "Uživatel dnovotny zvítězil na čas"]

1. e4 c5 2. Nf3 d6 3. d4 cxd4 4. Nxd4 Nf6 5. f3 a6 6. c4 g6 7.
Nc3 Bg7 8. Be3 O-O 9. Be2 Nc6 10. O-O Bd7 11. Qd2 Rc8 12. b3 e6 13. Rac1 Qe7 14.
Rfd1 Rfd8 15. Kh1 Be8 16. Bf2 d5 17. exd5 exd5 18. Nxc6 bxc6 19. cxd5 cxd5 20. Bd4 a5 21. Bb6 Rd6 22. Bxa5 Ra6 23. Nxd5 Nxd5 24. Qxd5 Rxc1 25. Rxc1 Qxe2 26. h3 h5 27. Qg5 Qf2 28. Qc5 Qxc5 29. Rxc5 Re6 30. Rc1 Re2 31. a4 Bd4 0-1

[Event "Betsys MČR v online bleskovém šachu 2021"]
[Site "Chess.com"]
[Date "2021.04.17"]
[Round "8"]
[White "Danyjel"]
[Black "Tynano"]
[Result "0-1"]
[WhiteElo "1694"]
[BlackElo "1987"]
[TimeControl "180+1"]
[EndTime "10:21:37 PDT"]
[Termination "Uživatel Tynano zvítězil po vzdání soupeře"]

1. e4 e5 2. Nf3 Nc6 3. Bc4 Nf6 4. d3 Be7 5. O-O O-O 6. c3 d6 7. Re1 Na5 8. Bb5 a6 9. Ba4 b5 10. Bc2 c5 11. Nbd2 Bg4 12. Nf1 d5 13. h3 dxe4 14.
hxg4 exf3 15. Qxf3 Bd6 16. Ng3 g6 17. Bg5 Be7 18.
Rxe5 Qd6 19. Rxe7 Qxe7 20. Qxf6 Qxf6 21. Bxf6 c4 22. d4 Rfe8 23. Be5 Nc6 24. Be4 Rac8 25. Bxc6 Rxc6 26. Ne4 Rd8 27. Re1 f5 28. gxf5 gxf5 29. Nf6+ Kf7 30. Nxh7 Re8 31. Ng5+ Kg6 32. Nf3 Rce6 33. g3 Kh5 34. Kg2 Kg6 35. Rh1 a5 36. Nh4+ Kf7 37. f4 b4 38. Nf3 Kg6 39.
Ng5 Rb6 40. Kf3 bxc3 41. bxc3 Rb2 42. Ra1 Rc2 43. d5 Rd8 44. d6 Rd2 45. Ne6 Rd3+ 46.
Kf2 Rb8 47. Nc5 Rb2+ 48. Ke1 Rxg3 49. Kf1 Rf3+ 50. Ke1 Rh3 51. Bd4 Rh1+ 0-1

[Event "Betsys MČR v online bleskovém šachu 2021"]
[Site "Chess.com"]
[Date "2021.04.17"]
[Round "8"]
[White "mayerrs"]
[Black "AdaTra"]
[Result "0-1"]
[WhiteElo "1852"]
[BlackElo "1665"]
[TimeControl "180+1"]
[EndTime "10:21:38 PDT"]
[Termination "Uživatel AdaTra zvítězil matem"]

1. g3 d5 2. Bg2 Nf6 3. b3 Bf5 4. Bb2 e6 5. c4 c6 6. Nc3 Be7 7.
cxd5 exd5 8. d3 O-O 9. Nf3 Nbd7 10. O-O Re8 11. Re1 Bf8 12. Qc2 h6 13. e4 dxe4 14.
dxe4 Bh7 15. b4 Bxb4 16. a3 Bxc3 17. Qxc3 Bxe4 18. Rad1 Qc7 19. Nd4 Bxg2 20. Kxg2 Rxe1 21. Rxe1 Nf8 22. Nb5 Qd7 23. Nd4 Qd5+ 24. Kg1 Re8 25. Rxe8 Nxe8 26. Nf5 Qxf5 27. Qe3 Ne6 28. h3 Qxh3 29.
Qe5 Qg4 30. Kg2 Qd1 31. Bc3 Qd5+ 32. Qxd5 cxd5 33. Be5 Kf8 34. Bb8 a6 35. Ba7 Ke7 36. Be3 Nd6 37. Kf3 Nc4 38. Bc1 Kd6 39. Ke2 Nd4+ 40. Kd3 Nc6 41. f4 f6 42. f5 N6e5+ 43. Ke2 Kc5 44. Kd1 Kd4 45. Kc2 Ke4 46. Kb3 Kxf5 47.
Kb4 Kg4 48. Kc3 Kxg3 49. a4 h5 50. Kb4 h4 51. Kc5 h3 52. Kxd5 h2 53. Bb2 h1=Q+ 54. Kc5 Qc6+ 55. Kb4 Qb6+ 56. Kc3 Qxb2# 0-1

[Event "Betsys MČR v online bleskovém šachu 2021"]
[Site "Chess.com"]
[Date "2021.04.17"]
[Round "8"]
[White "SajdlJosef"]
[Black "sajmon8"]
[Result "0-1"]
[WhiteElo "1826"]
[BlackElo "1643"]
[TimeControl "180+1"]
[EndTime "10:21:38 PDT"]
[Termination "Uživatel sajmon8 zvítězil na čas"]

1. d4 d5 2. Nf3 Nf6 3. Bf4 Bf5 4.
e3 e6 5. Be2 Bd6 6. Ne5 O-O 7.
g4 Bg6 8. h4 h6 9. Nxg6 fxg6 10. Bd3 Nbd7 11. Bxg6 e5 12. dxe5 Bxe5 13. Nc3 Bxf4 14.
exf4 Qe7+ 15. Kf1 c6 16. Qf3 Qd6 17. Re1 Nh7 18. f5 Ne5 19. Bxh7+ Kxh7 20. Qg3 Nc4 21.
Qxd6 Nxd6 22. Re6 Nc4 23. b3 Na3 24. Re2 Rae8 25. f3 Rxe2 26. Kxe2 Nxc2 27. Kd3 Nb4+ 28. Kd2 Re8 29. a3 Na6 30. g5 Nc5 31. f6 gxf6 32.
gxf6 Kg6 33. b4 Nd7 34. Ne2 Kxf6 35. Nf4 Ne5 36. Nd3 Nxf3+ 37. Kc3 Ne5 38. Rf1+ Kg6 39.
Re1 Nxd3 0-1

[Event "Betsys MČR v online bleskovém šachu 2021"]
[Site "Chess.com"]
[Date "2021.04.17"]
[Round "8"]
[White "Drak1961"]
[Black "reflexia64"]
[Result "0-1"]
[WhiteElo "2087"]
[BlackElo "2282"]
[TimeControl "180+1"]
[EndTime "10:21:40 PDT"]
[Termination "Uživatel reflexia64 zvítězil matem"]

1. d4 e6 2. Nf3 f5 3. g3 Nf6 4. Bg2 d5 5. b3 Bd6 6. O-O O-O 7.
Ba3 b6 8. Bxd6 cxd6 9. c4 Bb7 10. Ng5 Qe7 11. Nc3 h6 12. Nh3 dxc4 13. Bxb7 Qxb7 14. bxc4 Nbd7 15. Nf4 Rfe8 16. Qb3 g5 17. Nd3 Rac8 18. Rac1 Kg7 19. Rfd1 Ne4 20. Nb5 a6 21. Na3 g4 22.
Nf4 Ng5 23. c5 dxc5 24. dxc5 Nxc5 25. Qb2+ Kh7 26. Nc4 Nce4 27. Qf6 Qg7 28. Qxg7+ Kxg7 29. Nxb6 Rxc1 30. Rxc1 e5 31. Nfd5 Nh3+ 32. Kg2 Nexf2 33. Rc7+ Kg6 34. Ne7+ Kg5 35. Nbd5 Ne4 36. Rc6 f4 37. Rxa6 fxg3 38. hxg3 Rf8 39. Ne3 Rf2+ 40. Kh1 Nxg3# 0-1

[Event "Betsys MČR v online bleskovém šachu 2021"]
[Site "Chess.com"]
[Date "2021.04.17"]
[Round "8"]
[White "Staci_fiknout_Navara_Plat"]
[Black "DavidekIII"]
[Result "0-1"]
[WhiteElo "1911"]
[BlackElo "2200"]
[TimeControl "180+1"]
[EndTime "10:21:40 PDT"]
[Termination "Uživatel DavidekIII zvítězil na čas"]

1. c4 f5 2. Nc3 b6 3. g3 Bb7 4. Nf3 Nf6 5. Bg2 g6 6. d4 Bg7 7.
O-O e6 8. Bg5 h6 9. Bxf6 Qxf6 10. e3 O-O 11. Rc1 d6 12. Qd2 Nd7 13. b3 g5 14. Ne2 Be4 15. Ne1 Bxg2 16. Nxg2 Qe7 17. Qd3 Rad8 18. Rfe1 Nf6 19. d5 e5 20. Qxf5 Nxd5 21. Qe4 Nf6 22. Qc2 Qf7 23. f4 Qh5 24. Qd2 Ng4 25. h4 gxf4 26. exf4 exf4 27. Nexf4 Qc5+ 28.
Kh1 Nf2+ 29. Kh2 Ng4+ 30. Kh1 Rde8 31. Nd5 c6 32. Ndf4 Re5 33. Rxe5 Qxe5 34. Re1 Qf5 35. Qe2 Qf6 36. Qxg4 h5 0-1